[Event "7th Altibox Norway Chess Blitz 2019"]
[Site "Stavanger"]
[Date "2019.06.03"]
[Round "1.1"]
[White "Aronian, Levon"]
[Black "Carlsen, Magnus"]
[Result "1-0"]
[ECO "B07"]
[WhiteElo "2827"]
[BlackElo "2923"]
[Annotator "ChessBase"]
[PlyCount "73"]
[EventDate "2019.06.03"]
[EventType "tourn"]
[EventCountry "NOR"]
[SourceTitle "playchess.com"]
[Source "ChessBase"]
[SourceQuality "1"]
[TimeControl "180+2"]

1. d4 g6 2. e4 d6 3. Nf3 Nf6 4. Bd3 Bg7 5. O-O O-O 6. c3 Nc6 7. Re1 e5 8. h3 Re8 9. d5 Nb8 10. c4 a5 11. Nc3 Na6 12. a3 Bd7 13. Rb1 Nc5 14. Bc2 a4 15. Be3 Nb3 16. Bxb3 axb3 17. c5 c6 18. Qxb3 cxd5 19. exd5 dxc5 20. Bxc5 Bf5 21. Rbd1 Nd7 22. Be3 e4 23. Nd4 Nc5 24. Qc2 Nd3 25. Rf1 Rc8 26. Qd2 h5 27. f3 Ne5 28. Nxf5 Nc4 29. Qf2 gxf5 30. fxe4 Nxb2 31. Qxb2 Bxc3 32. Qf2 Rxe4 33. Qxf5 Rxe3 34. Qxf7+ Kh8 35. Qxh5+ Kg8 36. Qf7+ Kh8 37. Rf5 1-0

[Event "7th Altibox Norway Chess Blitz 2019"]
[Site "Stavanger"]
[Date "2019.06.03"]
[Round "3.1"]
[White "Yu, Yangyi"]
[Black "Carlsen, Magnus"]
[Result "0-1"]
[ECO "E90"]
[WhiteElo "2705"]
[BlackElo "2923"]
[Annotator "RC"]
[PlyCount "86"]
[EventDate "2019.06.03"]
[EventType "tourn"]
[EventCountry "NOR"]
[SourceTitle "playchess.com"]
[Source "ChessBase"]
[SourceQuality "1"]
[TimeControl "180+2"]

1. d4 Nf6 2. c4 c5 3. d5 g6 4. Nc3 Bg7 5. e4 d6 6. Bd3 O-O 7. Nf3 e5 8. O-O Nh5 9. Ne1 Nd7 10. Bc2 Nf4 11. Nd3 Nxd3 12. Qxd3 f5 13. exf5 gxf5 14. f4 e4 15. Qe2 Nf6 16. Nd1 b5 17. cxb5 a6 18. b6 Ng4 19. Ne3 Bd4 20. h3 Nf6 21. Kh1 Rb8 22. Rb1 Rxb6 23. Bd2 Rb7 24. Bc3 Qe8 25. Rbd1 Nh5 26. Qe1 Qg6 27. Kh2 Qf6 28. Qd2 Qh4 29. Qe1 Qf6 30. Qd2 Rg7 31. Bxd4 cxd4 32. Qxd4 Qh4 33. Qd2 Qg3+ 34. Kh1 Nxf4 35. Qf2 Nh5 36. Rde1 f4 37. Nc4 e3 38. Nxe3 Bxh3 39. Qxg3 Nxg3+ 40. Kh2 Nxf1+ 41. Nxf1 Bxg2 42. Nd2 f3 43. Rg1 Rf6 0-1

[Event "7th Altibox Norway Chess Blitz 2019"]
[Site "Stavanger"]
[Date "2019.06.03"]
[Round "3.5"]
[White "Ding, Liren"]
[Black "So, Wesley"]
[Result "1-0"]
[ECO "A29"]
[WhiteElo "2773"]
[BlackElo "2759"]
[Annotator "RC"]
[PlyCount "127"]
[EventDate "2019.06.03"]
[EventType "tourn"]
[EventCountry "NOR"]
[SourceTitle "playchess.com"]
[Source "ChessBase"]
[SourceQuality "1"]
[TimeControl "180+2"]

1. c4 e5 2. g3 Nf6 3. Bg2 d5 4. cxd5 Nxd5 5. Nf3 Nc6 6. O-O Nb6 7. Nc3 Be7 8. d3 O-O 9. Be3 Re8 10. Rc1 Bf8 11. Bg5 f6 12. Be3 Be6 13. Nd2 Qd7 14. Nb3 Nd5 15. Bc5 Nxc3 16. Rxc3 Bd6 17. Bxd6 cxd6 18. d4 Bh3 19. dxe5 Bxg2 20. Kxg2 Rxe5 21. e3 d5 22. Nc5 Qf7 23. Qb3 Re7 24. Rd1 Rd8 25. Rcd3 b6 26. Na4 d4 27. Qxf7+ Kxf7 28. exd4 Red7 29. Nc3 Rxd4 30. Rxd4 Rxd4 31. Kf3 Rxd1 32. Nxd1 Ke6 33. Nc3 Ne5+ 34. Ke2 h5 35. f4 Nc6 36. Ke3 g5 37. fxg5 fxg5 38. Ke4 Ne5 39. Nb5 Ng4 40. h4 Nf6+ 41. Kf3 gxh4 42. gxh4 a5 43. Kf4 Nd5+ 44. Kg5 Nb4 45. Kxh5 Kf6 46. a3 Nd3 47. b3 Nc5 48. Nc3 Nxb3 49. Nd5+ Kf5 50. Nxb6 Nd2 51. Kh6 Kf6 52. h5 Nb1 53. a4 Nc3 54. Kh7 Ne4 55. Nc4 Kg5 56. h6 Nf6+ 57. Kg7 Nh5+ 58. Kf7 Kxh6 59. Nxa5 Kg5 60. Nc6 Kf5 61. a5 Nf4 62. a6 Ne6 63. Nd4+ Nxd4 64. a7 1-0

[Event "7th Altibox Norway Chess Blitz 2019"]
[Site "Stavanger"]
[Date "2019.06.03"]
[Round "4.5"]
[White "Mamedyarov, Shakhriyar"]
[Black "Ding, Liren"]
[Result "0-1"]
[ECO "E20"]
[WhiteElo "2757"]
[BlackElo "2773"]
[Annotator "RC"]
[PlyCount "72"]
[EventDate "2019.06.03"]
[EventType "tourn"]
[EventCountry "NOR"]
[SourceTitle "playchess.com"]
[Source "ChessBase"]
[SourceQuality "1"]
[TimeControl "180+2"]

1. d4 Nf6 2. c4 e6 3. Nc3 Bb4 4. f3 c5 5. d5 O-O 6. e4 b5 7. e5 Ne8 8. f4 exd5 9. cxd5 d6 10. Nf3 a6 11. Bd3 c4 12. Bxh7+ Kxh7 13. Ng5+ Kg8 14. Qh5 Bf5 15. g4 Bg6 16. Qh3 f5 17. Ne6 Qe7 18. Nxf8 Qxf8 19. Bd2 Nd7 20. e6 Nc5 21. O-O Nc7 22. Rae1 Nd3 23. Re2 Bc5+ 24. Kh1 b4 25. Na4 Nxd5 26. b3 fxg4 27. Qxg4 Bf5 28. Qf3 Nc7 29. bxc4 Re8 30. Qc6 Rxe6 31. Rxe6 Nxe6 32. Qd5 Qf7 33. Rf3 Qg6 34. Nxc5 dxc5 35. Qa8+ Kh7 36. Re3 Nexf4 0-1